 Dungeon Crawl Stone Soup version 0.27-a0-1191-g601b473118 (webtiles) character file.

Game seed: 6131549322641674237

7389 Wyvernaa the Basher (level 10, -11/74 HPs)
             Began as a Demonspawn Gladiator on May 22, 2021.
             Was an Elder of Okawaru.
             Mangled by Grum
             ... wielding a -1 spear
              (13 damage)
             ... on level 10 of the Dungeon on May 23, 2021.
             The game lasted 00:32:29 (11538 turns).

Wyvernaa the Basher (Demonspawn Gladiator)         Turns: 11538, Time: 00:32:30

Health: -11/74     AC: 10    Str: 22      XL:     10   Next: 92%
Magic:  14/15      EV: 17    Int: 10      God:    Okawaru [****..]
Gold:   149        SH: 18    Dex: 18 (19) Spells: 9/9 levels left

rFire    x . .     SeeInvis .   F - +7 morningstar of Marieff {pain, +Blink rF- Will+++ Dex+3}
rCold    . . .     Faith    .   C - +0 kite shield
rNeg     . . .     Spirit   .   y - +2 leather armour {rPois}
rPois    +         Reflect  .   (helmet restricted)
rElec    .         Harm     .   E - +1 cloak {Will+}
rCorr    .         Rampage  .   (no gloves)
Will     ++++.                  b - +0 pair of boots
Stlth    ++++......             (no amulet)
HPRegen  0.22/turn              e - +6 ring of strength
MPRegen  0.14/turn              (no ring)

@: heroic
A: horns 1, large bone plates 2, demonic guardian 1, spiny 2, hooves 1,
deterioration 1
a: Renounce Religion, Evoke Blink, Heroism


You were on level 10 of the Dungeon.
You worshipped Okawaru.
Okawaru was greatly pleased with you.
You visited 2 branches of the dungeon, and saw 12 of its levels.

You collected 385 gold pieces.
You spent 236 gold pieces at shops.

Inventory:

Hand Weapons
 h - a +3 vorpal mace
 F - the +7 morningstar of Marieff (weapon) {pain, +Blink rF- Will+++ Dex+3}
   (Okawaru gifted it to you on level 9 of the Dungeon)

   In the hands of one skilled in necromantic magic, it inflicts extra damage on
   living creatures.
   It affects your dexterity (+3).
   It makes you vulnerable to fire.
   It lets you blink.
   It greatly increases your willpower.
Missiles
 a - 8 atropa-tipped darts
 d - 3 throwing nets (quivered)
 q - 8 curare-tipped darts
Armour
 b - a +0 pair of boots (worn)
 s - a +0 chain mail
 y - a +2 leather armour of poison resistance (worn)
 B - +0 steam dragon scales
 C - a +0 kite shield (worn)
 E - a +1 cloak of willpower (worn)
Jewellery
 e - a +6 ring of strength (left hand)
Wands
 c - a wand of iceblast (13)
 l - a wand of digging (4)
 u - a wand of flame (1)
Scrolls
 t - 2 scrolls of enchant armour
 v - a scroll of torment
 x - a scroll of fog
 A - a scroll of summoning
 D - 4 scrolls of silence
Potions
 f - a potion of degeneration {unknown}
 g - 4 potions of haste
 i - a potion of cancellation {unknown}
 j - a potion of mutation
 k - a potion of resistance {unknown}
 m - 2 potions of attraction {unknown}
 n - 4 potions of flight
 o - a potion of heal wounds {unknown}
 p - a potion of might {unknown}
 r - a potion of magic {unknown}
 w - 3 potions of ambrosia
 z - a potion of lignification {unknown}


   Skills:
 + Level 5.1(10.1) Fighting
 * Level 11.1(16.1) Maces & Flails
 - Level 1.9(6.9) Throwing
 + Level 4.0(9.0) Armour
 + Level 5.1(10.1) Dodging
 + Level 3.2(8.2) Stealth
 + Level 4.3(9.3) Shields
 * Level 7.4 Invocations
 + Level 1.7 Evocations


You had 9 spell levels left.
You didn't know any spells.
Your spell library contained the following spells:

 Spells                   Type           Power      Damage    Failure   Level
 Magic Dart               Conj           0%         1d3       65%         1
 Blink                    Tloc           N/A        N/A       80%         2
 Call Imp                 Summ           0%         N/A       80%         2
 Slow                     Hex            0%         N/A       80%         2
 Conjure Flame            Conj/Fire      0%         6-21      95%         3
 Mephitic Cloud           Conj/Pois/Air  0%         N/A       95%         3


Dungeon Overview and Level Annotations

Branches:
Dungeon (11/15)            Temple (1/1) D:4            Lair (0/6) D:9
    Orc: D:9-12

Altars:
Ashenzari
Cheibriados
Fedhas
Gozag
Makhleb
Nemelex Xobeh
Okawaru
Qazlal
Xom
Yredelemnul
Zin
The Shining One

Shops:
D:8 =(!   D:11 !

Annotations:
D:10 Grum
D:11 exclusion: obsidian statue


Innate Abilities, Weirdness & Mutations

You have a pair of small horns on your head.
You are mostly covered in large bone plates. (SH +6)
A weak demonic guardian rushes to your aid.
You are mostly covered in sharp spines.
You have large cloven feet.
Your body sometimes deteriorates upon taking damage.


Message History

You block the wolf's attack. x2
You hit the wolf.
The wolf is almost dead.
You block the wolf's attack. The wolf bites you.
You barely miss the wolf.
The wolf is almost dead.
You block the wolf's attack. x2
You closely miss the wolf. Your headbutt misses the wolf.
The wolf is almost dead.
You block the wolf's attack. x2
You sock the wolf!
You kill the wolf!
Okawaru accepts your kill. Something hits you!!
You gain the combat prowess of a mighty hero.
Something hits you!
The wolf howls!
You impale the wolf!!
You kill the wolf!
Okawaru accepts your kill. Something barely misses you. Something hits you!
You closely miss something. You headbutt something. You barely miss something.
You headbutt something! Something hits you!
You sock something! Your headbutt misses something.
Something hits you but does no damage.
You hit something. You block something's attack.
You closely miss something. Your headbutt misses something. Something hits you!
* * * LOW HITPOINT WARNING * * *
A demonic guardian appears!
You puncture something!
It was a potion of mutation.
You feel extremely strange.
Your feet thicken and deform.
You feel yourself wasting away. Something hits you!
* * * LOW HITPOINT WARNING * * *
Your body deteriorates!
You feel clumsy.
Okay, then.
Okay, then.
You swap places.
Something hits you!
You die...

.......(.#.##
#...!.......
......_.#..#
......[....#
._..⌠......## #
............ .#
......_.#.# .#
..........####..####
h##...###h{5@†......
### #.#####.#### #.#
... ##.. #..# #..#
#..#


You could see a wolf (ally target) and a friendly white imp (summoned).

Vanquished Creatures
  A boulder beetle (D:11)
  A two-headed ogre (D:8)
  An ugly thing (D:10)
  Maurice (D:8)
  Grinder (D:6)
  Eustachio (D:6)
  4 wyverns
  9 yaks
  A steam dragon (D:7)
  An acid dragon (D:8)
  Duvessa (D:6)
  3 water moccasins
  2 orc warriors (D:9)
  An ogre (D:6)
  A black bear (D:6)
  2 sky beasts (D:6)
  2 wolves (D:10)
  A kobold brigand (D:8)
  4 bullfrogs
  Dowan (D:6)
  2 water moccasin zombies
  A scorpion (D:7)
  3 water moccasin skeletons
  A centaur zombie (D:5)
  3 hounds
  4 orc priests
  A gnoll shaman (D:5)
  A jelly (D:6)
  6 iguanas
  2 centaur skeletons
  7 orc wizards
  A killer bee zombie (D:6)
  2 hound zombies (D:5)
  4 howler monkey skeletons
  Robin (D:3)
  6 gnolls
  7 adders
  A shadow imp (D:6)
  A white imp (D:5)
  An ufetubus (D:6)
  A worm (D:6)
  A dart slug (D:4)
  17 orcs
  8 endoplasms
  4 giant cockroaches
  10 goblins
  9 hobgoblins
  9 jackals
  2 quokkas (D:2)
  5 ball pythons
  7 bats
  2 frilled lizards
  10 kobolds
  10 rats
189 creatures vanquished.

Vanquished Creatures (collateral kills)
  An ice beast (D:6)
  An electric eel (D:7)
  2 iguanas
  A worm (D:5)
5 creatures vanquished.

Vanquished Creatures (others)
  4 fungi (D:9)
  18 plants
22 creatures vanquished.

Grand Total: 216 creatures vanquished

Notes
Turn   | Place    | Note
-------+----------+-------------------------------------------
     0 | D:1      | Wyvernaa the Demonspawn Gladiator began the quest for the
                  | Orb.
     0 | D:1      | Reached XP level 1. HP: 16/16 MP: 1/1
    51 | D:1      | Gained mutation: You are partially covered in sharp spines.
                  | [demonic ancestry]
    51 | D:1      | Reached XP level 2. HP: 6/22 MP: 2/2
   379 | D:1      | Reached skill level 3 in Maces & Flails
   612 | D:1      | Gained mutation: You are partially covered in large bone
                  | plates. (SH +4) [demonic ancestry]
   612 | D:1      | Reached XP level 3. HP: 27/27 MP: 3/3
  1153 | D:2      | Gained mutation: A weak demonic guardian rushes to your
                  | aid. [demonic ancestry]
  1153 | D:2      | Reached XP level 4. HP: 17/34 MP: 4/4
  1863 | D:3      | Reached skill level 4 in Maces & Flails
  1936 | D:3      | Reached skill level 1 in Armour
  2100 | D:3      | Upgraded the game from 0.27-a0-1189-gb8eb6cee8e to
                  | 0.27-a0-1191-g601b473118
  2549 | D:3      | Gained mutation: You are mostly covered in large bone
                  | plates. (SH +6) [demonic ancestry]
  2549 | D:3      | Reached XP level 5. HP: 39/39 MP: 5/5
  2842 | D:3      | Noticed Robin
  2863 | D:3      | Killed Robin
  3355 | D:4      | Found a staircase to the Ecumenical Temple.
  3436 | Temple   | Entered the Ecumenical Temple
  3442 | Temple   | Became a worshipper of Warmaster Okawaru
  3515 | D:4      | Reached skill level 1 in Stealth
  3646 | D:4      | Reached XP level 6. HP: 45/46 MP: 6/6
  3992 | D:5      | Entered Level 5 of the Dungeon
  4029 | D:5      | Reached skill level 5 in Maces & Flails
  4046 | D:5      | Found a burning altar of Makhleb.
  4627 | D:5      | Reached * piety under Okawaru
  4799 | D:5      | Reached XP level 7. HP: 48/51 MP: 7/7
  5066 | D:5      | Reached skill level 6 in Maces & Flails
  5222 | D:5      | Reached skill level 1 in Shields
  5699 | D:6      | Reached skill level 1 in Invocations
  6043 | D:6      | Gained mutation: You have a pair of small horns on your
                  | head. [demonic ancestry]
  6043 | D:6      | Reached XP level 8. HP: 46/58 MP: 9/9
  6168 | D:6      | Found a snail-covered altar of Cheibriados.
  6301 | D:6      | Noticed Eustachio
  6521 | D:6      | Reached skill level 7 in Maces & Flails
  6561 | D:6      | Noticed Duvessa
  6581 | D:6      | Noticed Dowan
  6585 | D:6      | Killed Duvessa
  6588 | D:6      | Killed Dowan
  6588 | D:6      | Reached ** piety under Okawaru
  7080 | D:6      | Killed Eustachio
  7189 | D:6      | Noticed Grinder
  7202 | D:6      | Killed Grinder
  7203 | D:6      | Reached skill level 8 in Maces & Flails
  7556 | D:6      | Gained mutation: You are mostly covered in sharp spines.
                  | [demonic ancestry]
  7556 | D:6      | Reached XP level 9. HP: 48/65 MP: 11/11
  8899 | D:8      | Reached *** piety under Okawaru
  8900 | D:8      | Reached skill level 9 in Maces & Flails
  8903 | D:8      | Noticed a two-headed ogre
  9107 | D:7      | Reached skill level 5 in Invocations
  9331 | D:8      | Noticed Maurice
  9366 | D:8      | Found Orryos's Jewellery Emporium.
  9872 | D:8      | Killed Maurice
  9872 | D:8      | Reached **** piety under Okawaru
  9970 | D:8      | Killed a two-headed ogre
  9970 | D:8      | Received a gift from Okawaru
  9971 | D:8      | Reached skill level 10 in Maces & Flails
  9971 | D:8      | Reached XP level 10. HP: 73/73 MP: 11/14
 10086 | D:8      | Found Degenimn's Distillery.
 10136 | D:8      | Found Zigam's Weapon Boutique.
 10139 | D:8      | Bought a +3 vorpal mace for 236 gold pieces
 10259 | D:9      | Found a staircase to the Lair.
 10330 | D:9      | Reached skill level 1 in Evocations
 10640 | D:8      | Reached ***** piety under Okawaru
 10644 | D:8      | Received a gift from Okawaru
 10878 | D:9      | Reached skill level 5 in Fighting
 10992 | D:9      | Identified the +3 leather armour "Noafiul" {Rampage rElec
                  | Str-3}
 11020 | D:9      | Identified the +7 morningstar of Marieff {pain, +Blink rF-
                  | Will+++ Dex+3} (Okawaru gifted it to you on level 9 of the
                  | Dungeon)
 11020 | D:9      | Received a gift from Okawaru
 11097 | D:9      | Noticed an eight-headed hydra
 11123 | D:9      | You fall into a shaft and drop 2 floors!
 11124 | D:11     | Noticed a boulder beetle
 11150 | D:11     | Killed a boulder beetle
 11151 | D:11     | Reached skill level 11 in Maces & Flails
 11151 | D:11     | Reached skill level 5 in Dodging
 11152 | D:11     | Found Pebyav's Distillery.
 11319 | D:11     | Noticed an obsidian statue
 11331 | D:11     | Noticed a brown ugly thing
 11338 | D:10     | Entered Level 10 of the Dungeon
 11338 | D:10     | Found a stormy altar of Qazlal.
 11347 | D:10     | Killed a brown ugly thing
 11516 | D:10     | Found a shimmering altar of Xom.
 11517 | D:10     | Noticed Grum
 11537 | D:10     | Gained mutation: You have large cloven feet. [potion of
                  | mutation]
 11537 | D:10     | Gained mutation: Your body sometimes deteriorates upon
                  | taking damage. [potion of mutation]
 11537 | D:10     | HP: 2/74 [something (12)]
 11538 | D:10     | Mangled by Grum

Illustrated notes

Levels and vault maps discovered:
D:1:      minmay_arrival_doors, layout_rooms, chequers_serial_rivers_marsh,
          fountainhead, chequers_serial_rivers_small_3, serial_park_tiny_1
D:2:      layout_loops_ring, corexii_corridor_pit, dk_vineyard_1,
          minmay_misc_feat_diagonals
D:3:      layout_basic, minmay_misc_feat_enclosed, uniq_robin
D:4:      layout_rooms, minmay_temple_entry_drinking_statues
D:5:      layout_layer_cave, lemuel_crystal_altar
D:6:      layout_basic, cheibrodos_worm_habitat, feat_on_display, uniq_duvessa,
          uniq_eustachio, uniq_grinder
D:7:      layout_loops_ring, general_overflow_altar, nicolae_lava_and_water
D:8:      layout_rooms, serial_shops, nicolae_shop_trees, kennysheep_mini,
          nicolae_shop_trees, nicolae_water_bricks, uniq_maurice
D:9:      layout_big_octagon, minmay_lair_entry_grove,
          ebering_ghost_reflecting_pool, kennysheep_generic_room_6
D:10:     layout_loops_ring, grunt_temple_overflow_open, uniq_grum
D:11:     layout_gridville, orc_0_dummy, serial_shops,
          nicolae_shop_behind_doors, serial_bayou, serial_bayou_crossing,
          serial_bayou_lagoon_a, serial_bayou_pond_a, serial_bayou_ford_a,
          serial_bayou_pond_a, hangedman_decor_riveting,
          minmay_protected_statue, uniq_erica
Temple:   eino_temple_rhombus

Skill      XL: |  1  2  3  4  5  6  7  8  9 10 |
---------------+-------------------------------+-----
Maces & Flails | 3 4 5 6 8 10 11 | 11.1
Dodging        | 3 4 5 |  5.1
Armour         | 1 2 3 4 |  4.0
Stealth        | 1 2 3 |  3.2
Shields        | 1 2 3 4 |  4.3
Fighting       | 3 4 5 |  5.1
Invocations    | 2 3 6 7 |  7.4
Evocations     | 1 |  1.7
Throwing       | |  1.9

Action                   |  1- 3 |  4- 6 |  7- 9 | 10-12 || total
-------------------------+-------+-------+-------+-------++-------
Melee: Flail             |    96 |   126 |   278 |       ||   500
       Punch             |       |       |     1 |       ||     1
       Headbutt          |       |       |    52 |    34 ||    86
       Mace              |       |       |       |    85 ||    85
       Morningstar       |       |       |       |    34 ||    34
Invok: Heroism           |       |       |    13 |     5 ||    18
       Finesse           |       |       |       |     2 ||     2
Evoke: Wand              |       |       |     9 |       ||     9
  Use: Scroll            |     1 |     7 |     5 |       ||    13
       Potion            |       |     3 |     3 |     2 ||     8
 Stab: Sleeping          |     1 |     3 |     2 |     1 ||     7
       Distracted        |       |       |       |     2 ||     2
Armor: Leather armour    |    31 |    21 |    35 |    13 ||   100
       Skin              |       |       |     2 |       ||     2
Dodge: Dodged            |    76 |    70 |   117 |    20 ||   283
Block: Other             |     7 |    36 |    37 |       ||    80
       Kite shield       |       |       |    70 |    89 ||   159

Table legend: (Time is in decaauts)
 A = Elapsed time spent in this place.
 B = Non-inter-level travel time spent in this place.
 C = Inter-level travel time spent in this place.
 D = Time resting spent in this place.
 E = Time spent auto-exploring this place.
 F = Levels seen in this place.
 G = Mean time per level.
                   A        B        C        D        E       F      G
               +--------+--------+--------+--------+--------+-----+--------+
         Total |  11584 |  11440 |    144 |   3903 |   4464 |  12 |  965.3 |
       Dungeon |  11571 |  11427 |    144 |   3903 |   4464 |  11 | 1051.9 |
        Temple |     12 |     12 |      0 |      0 |      0 |   1 |   12.0 |
               +--------+--------+--------+--------+--------+-----+--------+

Top non-repeatable levels by time:
     D:5: 1951 daAuts
     D:6: 1865 daAuts
     D:3: 1658 daAuts
     D:7: 1376 daAuts
     D:8: 1338 daAuts
     D:2: 923 daAuts
     D:1: 831 daAuts
     D:4: 706 daAuts
     D:9: 516 daAuts
    D:11: 207 daAuts
    D:10: 195 daAuts
  Temple: 12 daAuts
